 Dungeon Crawl Stone Soup version 0.30-a0-322-g102857c98e (webtiles) character file.

Game seed: 3671645425105846583

6078 Pooter the Cleaver (level 10, -2/90 HPs)
             Began as a Minotaur Fighter on Oct 27, 2022.
             Was an Elder of Okawaru.
             Slain by a rust devil (7 damage)
             ... on level 9 of the Dungeon.
             The game lasted 00:44:37 (7684 turns).

Pooter the Cleaver (Minotaur Fighter)               Turns: 7684, Time: 00:44:37

Health: -2/90      AC: -23   Str: 25    XL:     10   Next: 57%
Magic:  11/11      EV:  7    Int:  5    God:    Okawaru [****..]
Gold:   441        SH:  0    Dex: 10    Spells: 9/9 levels left

rFire   + . .      SeeInvis +    a - +2 broad axe (flame)
rCold   . . .      Faith    .    (no shield)
rNeg    . . .      Spirit   .    J - +2 plate armour {rPois}
rPois   +          Reflect  .    (helmet restricted)
rElec   .          Harm     .    A - +0 cloak
rCorr   .          Rampage  .    m - +0 pair of gloves
Will    .....                    (no boots)
Stlth   ..........               p - amulet of magic regeneration
HPRegen 0.35/turn                S - ring of see invisible
MPRegen 0.52/turn                F - ring of protection from fire

@: corroded
A: horns 2, retaliatory headbutt
a: Renounce Religion, Heroism, Finesse


You were on level 9 of the Dungeon.
You worshipped Okawaru.
Okawaru was greatly pleased with you.
You visited 1 branch of the dungeon, and saw 9 of its levels.

You collected 559 gold pieces.
You spent 118 gold pieces at shops.

Inventory:

Hand Weapons
 a - a +2 broad axe of flaming (weapon)
   (You took it off Maggie on level 6 of the Dungeon)
 b - a +0 arbalest
   (You took it off an orc warrior on level 6 of the Dungeon)
 d - a +3 war axe
 h - a +0 trident
   (You took it off an orc on level 2 of the Dungeon)
 k - a +0 halberd
   (You took it off a gnoll on level 2 of the Dungeon)
 l - a +2 sling of flaming
   (You took it off a gnoll on level 2 of the Dungeon)
 B - a +0 battleaxe
   (You took it off a wight on level 4 of the Dungeon)
 C - a +0 shortbow
   (You took it off a centaur on level 6 of the Dungeon)
 N - a +5 war axe of electrocution
   (You took it off an orc warrior on level 9 of the Dungeon)
Missiles
 f - 2 throwing nets {!f}
 o - 20 poisoned darts
 v - 6 boomerangs of dispersal {!f}
 D - 10 boomerangs (quivered)
 E - 4 atropa-tipped darts
 G - 4 javelins
 H - 4 curare-tipped darts
 Q - 95 stones
Armour
 c - a +0 buckler
 m - a +0 pair of gloves (worn)
   (You found it on level 2 of the Dungeon)
 A - a +0 cloak (worn)
   (You found it on level 4 of the Dungeon)
 J - a +2 plate armour of poison resistance (worn)
   (You took it off an orc warrior on level 6 of the Dungeon)
Jewellery
 p - an amulet of magic regeneration (around neck)
   (You found it on level 2 of the Dungeon)
 F - a ring of protection from fire (right hand)
   (You found it on level 1 of the Dungeon)
 P - a ring of poison resistance
   (You took it off a hobgoblin on level 4 of the Dungeon)
 S - a ring of see invisible (left hand)
   (You found it on level 5 of the Dungeon)
 W - a ring of wizardry
   (You found it on level 9 of the Dungeon)
Wands
 q - a wand of mindburst (23)
   (You found it on level 8 of the Dungeon)
 u - a wand of quicksilver (6)
   (You found it on level 3 of the Dungeon)
Scrolls
 g - 4 scrolls of immolation {!r}
 n - a scroll of silence
 s - a scroll of vulnerability {!r}
 t - 4 scrolls of teleportation {@r4}
 x - 4 scrolls of blinking
 y - a scroll of noise {!r}
 M - a scroll of fear
Potions
 e - 2 potions of curing {@q1}
 j - a potion of mutation {unknown}
 r - a potion of berserk rage
 w - 4 potions of attraction {!q}
 z - a potion of haste {unknown}
 I - a potion of lignification {!q}
 K - a potion of brilliance
 L - a potion of ambrosia
 O - 2 potions of heal wounds {@q2}


   Skills:
 + Level 8.8 Fighting
 * Level 11.5 Axes
 * Level 9.7 Ranged Weapons
 + Level 3.9 Armour
 - Level 4.0 Shields
 + Level 3.2 Invocations
 + Level 4.7 Evocations


You had 9 spell levels left.
You didn't know any spells.
Your spell library contained the following spells:

 Spells                   Type           Power      Damage    Failure   Level
 Necrotise                Necr           0%         1d4       100%        1
 Blink                    Tloc           0%         N/A       100%        2
 Momentum Strike          Conj/Tloc      0%         3d8       100%        2
 Lesser Beckoning         Tloc           0%         N/A       100%        3
 Vampiric Draining        Necr           0%         2d6       100%        3
 Passage of Golubria      Tloc           0%         N/A       100%        4
 Agony                    Necr           0%         N/A       100%        5
 Yara's Violent Unravell  Hex/Tmut       0%         3d3       100%        5
 Dispersal                Tloc           0%         N/A       100%        6
 Summon Small Mammal      Summ           Unusable   N/A       N/A         1
 Tukima's Dance           Hex            Unusable   N/A       N/A         3
 Summon Ice Beast         Ice/Summ       Unusable   N/A       N/A         4
 Dragon's Call            Summ           Unusable   N/A       N/A         9

Dungeon Overview and Level Annotations

Branches:
Dungeon (9/15)             Temple (0/1) D:5            Lair (0/5) D:8
    Orc: D:9-12

Altars:
Cheibriados
Elyvilon
Fedhas
Gozag
Kikubaaqudgha
Okawaru
Ru
Vehumet
Xom
Zin

Shops:
D:3 *(   D:6 *


Innate Abilities, Weirdness & Mutations

You have a pair of horns on your head.
You reflexively headbutt those who attack you in melee.


Message History

You hit the orc warrior. You burn the orc warrior.
You kill the orc warrior!
Okawaru accepts your kill. The rust devil hits you.
The rust devil corrodes you!
You hit the rust devil.
You headbutt the rust devil, but do no damage.
The rust devil hits you. The rust devil corrodes you!
You hit the rust devil but do no damage.
The rust devil hits you. The rust devil corrodes you!
You hit the rust devil. You closely miss the rust devil.
The rust devil hits you! The rust devil corrodes you!
You slash the rust devil!
You headbutt the rust devil, but do no damage.
The rust devil hits you!
* * * LOW HITPOINT WARNING * * *
The rust devil corrodes you!
You hit the rust devil but do no damage.
You feel like a meek peon again. The rust devil hits you!
* * * LOW HITPOINT WARNING * * *
The rust devil corrodes you!
Aim: a rust devil (heavily wounded, 81% to hit)
The bolt of dispelling energy hits the rust devil!
The rust devil hits you.
* * * LOW HITPOINT WARNING * * *
The rust devil corrodes you!
Unknown command.
Unknown command.
You hit the rust devil but do no damage.
You headbutt the rust devil, but do no damage.
The rust devil barely misses you.
You hit the rust devil but do no damage.
The rust devil hits you.
* * * LOW HITPOINT WARNING * * *
The rust devil corrodes you!
You hit the rust devil but do no damage.
You headbutt the rust devil, but do no damage.
The rust devil hits you!
* * * LOW HITPOINT WARNING * * *
The rust devil corrodes you!
You hit the rust devil but do no damage.
The rust devil hits you!
* * * LOW HITPOINT WARNING * * *
The rust devil corrodes you!
You closely miss the rust devil. The rust devil hits you.
* * * LOW HITPOINT WARNING * * *
The rust devil corrodes you!
You barely miss the rust devil. The rust devil hits you!
You die...

#####################
#........@).........##
........[.4...#......##
.............###......##
..............#........##
........................##
#........................#
.....≈≈§§§................
....≈≈§§§.................
....≈≈≈≈≈.................


You could see a rust devil.

Vanquished Creatures
  Maggie (D:6)
  A rime drake (D:8)
  Prince Ribbit (D:7)
  Grinder (D:3)
  Sigmund (D:4)
  3 wyverns (D:8)
  2 steam dragons
  Edmund (D:6)
  3 water moccasins
  Duvessa (D:6)
  A sky beast (D:7)
  5 orc warriors
  7 ice beasts
  3 black bears
  4 wolves (D:8)
  2 ogres
  2 centaurs
  3 phantoms
  A kobold brigand (D:6)
  A bullfrog (D:6)
  A scorpion (D:6)
  4 wights (D:4)
  Dowan (D:6)
  2 howler monkeys (D:8)
  An electric eel (D:7)
  A lava snake (D:9)
  A crimson imp (D:8)
  3 jellies
  4 hounds
  4 orc priests
  An iron imp (D:6)
  2 iguanas
  5 orc wizards
  5 gnolls
  7 adders
  2 shadow imps
  2 white imps (D:8)
  2 ufetubi
  2 dart slugs
  33 orcs
  7 ball pythons
  6 endoplasms
  5 giant cockroaches
  5 goblins
  14 hobgoblins
  4 jackals (D:4)
  10 kobolds
  3 quokkas
  A bat (D:2)
  2 frilled lizards (D:2)
  3 rats
187 creatures vanquished.

Vanquished Creatures (others)
  A plant (D:6)
1 creature vanquished.

Grand Total: 188 creatures vanquished

Notes
Turn   | Place    | Note
-------+----------+-------------------------------------------
     0 | D:1      | Pooter the Minotaur Fighter began the quest for the Orb.
     0 | D:1      | Reached XP level 1. HP: 19/19 MP: 0/0
   150 | D:1      | Reached XP level 2. HP: 27/27 MP: 1/1
   181 | D:1      | Reached skill level 3 in Axes
   631 | D:2      | Reached XP level 3. HP: 28/33 MP: 2/2
   717 | D:2      | Reached skill level 4 in Axes
   737 | D:2      | Reached XP level 4. HP: 9/41 MP: 3/3
  1314 | D:2      | Found an ancient bone altar of Kikubaaqudgha.
  1493 | D:3      | Reached skill level 1 in Ranged Weapons
  1816 | D:3      | Found Kauxel's General Store.
  1824 | D:3      | Bought a potion of invisibility for 88 gold pieces
  1824 | D:3      | Bought a scroll of noise for 11 gold pieces
  1824 | D:3      | Bought 2 poisoned darts for 8 gold pieces
  1824 | D:3      | Bought a potion of degeneration for 11 gold pieces
  1861 | D:3      | Noticed Grinder
  1862 | D:3      | Paralysed by Grinder for 5 turns
  1876 | D:3      | Found Qeoxicif's Antique Weapon Shop.
  1883 | D:3      | Reached XP level 5. HP: 20/47 MP: 4/4
  1888 | D:3      | Killed Grinder
  1889 | D:3      | Reached skill level 5 in Fighting
  1889 | D:3      | Reached skill level 5 in Axes
  1889 | D:3      | Reached XP level 6. HP: 26/56 MP: 5/5
  2337 | D:4      | Noticed Sigmund
  2350 | D:4      | Killed Sigmund
  2351 | D:4      | Reached skill level 6 in Axes
  2433 | D:4      | Reached XP level 7. HP: 50/62 MP: 6/6
  2633 | D:4      | Reached skill level 7 in Axes
  3003 | D:4      | Reached skill level 5 in Ranged Weapons
  3254 | D:4      | Found an iron altar of Okawaru.
  3259 | D:4      | Reached skill level 1 in Evocations
  3259 | D:4      | Reached XP level 8. HP: 71/71 MP: 7/7
  3270 | D:4      | Became a worshipper of Warmaster Okawaru
  3346 | D:5      | Entered Level 5 of the Dungeon
  3346 | D:5      | You fall into a shaft and drop 3 floors!
  3490 | D:7      | Reached skill level 8 in Axes
  3512 | D:7      | Found a radiant altar of Vehumet.
  3918 | D:7      | Found a sacrificial altar of Ru.
  3943 | D:6      | Noticed Duvessa
  3943 | D:6      | Noticed Dowan
  3948 | D:6      | Killed Dowan
  3951 | D:6      | Killed Duvessa
  3951 | D:6      | Reached * piety under Okawaru
  4021 | D:6      | Reached skill level 9 in Axes
  4027 | D:6      | Found a glowing silver altar of Zin.
  4036 | D:6      | Noticed an angel
  4084 | D:6      | Noticed Maggie
  4101 | D:6      | Killed Maggie
  4102 | D:6      | Reached XP level 9. HP: 15/79 MP: 8/8
  4104 | D:6      | Reached ** piety under Okawaru
  4376 | D:6      | Found a blossoming altar of Fedhas.
  4561 | D:6      | Found a shimmering altar of Xom.
  4876 | D:5      | Found a staircase to the Ecumenical Temple.
  5210 | D:6      | Reached skill level 10 in Axes
  5336 | D:6      | Found Daungixtun's Mass Market.
  5336 | D:6      | Noticed Edmund
  5345 | D:6      | Killed Edmund
  5491 | D:6      | Got the Directory of Non-Euclidean Adjuration
  5555 | D:6      | Found a snail-covered altar of Cheibriados.
  5564 | D:6      | Reached skill level 1 in Invocations
  5718 | D:7      | Noticed Prince Ribbit
  5736 | D:7      | Killed Prince Ribbit
  5981 | D:7      | Reached *** piety under Okawaru
  6313 | D:8      | Found an opulent altar of Gozag.
  6330 | D:8      | Noticed a rime drake
  6348 | D:8      | Killed a rime drake
  6349 | D:8      | Reached XP level 10. HP: 57/88 MP: 10/10
  6577 | D:8      | Reached skill level 11 in Axes
  7094 | D:8      | Reached **** piety under Okawaru
  7100 | D:8      | Found a staircase to the Lair.
  7291 | D:8      | Found a white marble altar of Elyvilon.
  7620 | D:8      | Noticed a rust devil
  7620 | D:8      | Noticed a rust devil
  7683 | D:9      | HP: 4/90 [rust devil (2)]
  7684 | D:9      | Slain by a rust devil

Illustrated notes

Levels and vault maps discovered:
D:1:      dpeg_arrival_rhombus, layout_loops_ring
D:2:      layout_loops_ring, basic_altar, guppyfry_early_orc_mine
D:3:      layout_rooms, serial_shops, shop, nicolae_shop_waterfront,
          uniq_grinder
D:4:      layout_loops_ring, mainiacjoe_overflow_cross_hatched,
          cheibrodos_gnoll_hut, uniq_sigmund
D:5:      layout_gridville, minmay_temple_entry_statues_fountains
D:6:      layout_loops_cross, grunt_temple_overflow_order_and_chaos_1,
          slow_altar_2, fedhas_ov_isle_minmay, minmay_shop_mass, uniq_edmund,
          uniq_duvessa, uniq_maggie
D:7:      layout_cave_pools, hangedman_ru_absence, fiery_altar_vehumet,
          kennysheep_flooded_box, nicolae_elevator_lobby_asterisk,
          uniq_prince_ribbit1
D:8:      cheibrodos_iron_armory, layout_loops_ring,
          mainiacjoe_overflow_chevrons, lemuel_tele_altar,
          hellmonk_lair_entry_icy, chequers_arboretum, minmay_fire_ice_demons
D:9:      layout_big_octagon, mainiacjoe_overflow_alcove_4, minivault_26,
          kennysheep_generic_room_11

Skill      XL: |  1  2  3  4  5  6  7  8  9 10 |
---------------+-------------------------------+-----
Axes           | 3 4 5 6 7 9 10 11 | 11.5
Fighting       | 4 5 6 7 8 |  8.8
Shields        | 4 |  4.0
Ranged Weapons | 1 3 4 5 7 8 9 |  9.7
Evocations     | 1 2 4 |  4.7
Invocations    | 2 3 |  3.2
Armour         | |  3.9

Action                   |  1- 3 |  4- 6 |  7- 9 | 10-12 || total
-------------------------+-------+-------+-------+-------++-------
Melee: War axe           |    52 |    74 |    93 |       ||   219
       Headbutt          |     5 |    14 |    26 |    15 ||    60
       Broad axe         |       |       |    80 |    66 ||   146
       Punch             |       |       |     2 |     2 ||     4
 Fire: Sling             |       |    29 |    56 |       ||    85
       Arbalest          |       |       |    14 |    25 ||    39
Throw: Throwing net      |       |     1 |     1 |       ||     2
       Boomerang         |       |       |    11 |     3 ||    14
Invok: Heroism           |       |       |     5 |     6 ||    11
Evoke: Wand              |       |       |     6 |     2 ||     8
  Use: Potion            |     1 |     1 |     3 |     2 ||     7
       Scroll            |       |     7 |    12 |     2 ||    21
 Stab: Held in net/web   |       |       |     1 |       ||     1
Armor: Scale mail        |     3 |       |       |       ||     3
       Chain mail        |    21 |    59 |    98 |       ||   178
       Plate armour      |       |       |    28 |    47 ||    75
Dodge: Dodged            |    26 |    29 |    74 |    35 ||   164
Block: Buckler           |    16 |    28 |    27 |       ||    71

Table legend: (Time is in decaauts)
 A = Elapsed time spent in this place.
 B = Non-inter-level travel time spent in this place.
 C = Inter-level travel time spent in this place.
 D = Time resting spent in this place.
 E = Time spent auto-exploring this place.
 F = Levels seen in this place.
 G = Mean time per level.
                   A        B        C        D        E       F      G
               +--------+--------+--------+--------+--------+-----+--------+
         Total |   7789 |   7626 |    163 |   1979 |   3693 |   9 |  865.4 |
       Dungeon |   7789 |   7626 |    163 |   1979 |   3693 |   9 |  865.4 |
               +--------+--------+--------+--------+--------+-----+--------+

Top non-repeatable levels by time:
     D:8: 1464 daAuts
     D:4: 1179 daAuts
     D:6: 1165 daAuts
     D:7: 1019 daAuts
     D:2: 886 daAuts
     D:3: 722 daAuts
     D:1: 628 daAuts
     D:5: 527 daAuts
     D:9: 197 daAuts
